[Event "NJSK 2023 Jeugd C"]
[Site "Almelo, Netherlands"]
[Date "2023.05.05"]
[Round "8.1"]
[White "Arnold, Rhys"]
[Black "Krylov, Philippe"]
[Result "1-0"]
[TimeControl "90min/40moves + 30min + 30sec/move"]
[WhiteElo "2003"]
[BlackElo "1858"]

1. e4 c6 2. Nc3 d5 3. Nf3 Nf6 4. e5 Ne4 5. Ne2 Qb6 6. d4 h6 7. c3 e6 8. Ng3 c5 9. Bd3 Nxg3 10. hxg3 Bd7 11. dxc5 Bxc5 12.
Qe2 a6 13. b4 Be7 14. O-O Nc6 15. Bd2 O-O 16. g4 f6 17. exf6 Bxf6 18. g5 hxg5 19. Nxg5 Bxg5 20. Bxg5 e5 21.
Qh5 Bf5 22. Be3 d4 23. Bc4+ Rf7 24. Qxf7+ Kh8 25. Qxf5 1-0

[Event "NJSK 2023 Jeugd C"]
[Site "Almelo, Netherlands"]
[Date "2023.05.05"]
[Round "8.2"]
[White "Madularea, David"]
[Black "Kurt, Sascha"]
[Result "1/2-1/2"]
[TimeControl "90min/40moves + 30min + 30sec/move"]
[WhiteElo "1895"]
[BlackElo "1894"]

1. e4 c5 2. Nf3 e6 3. d4 cxd4 4. Nxd4 Nf6 5. Nc3 d6 6. g4 h6 7. Rg1 Nc6 8. Be3 Be7 9. Be2 Nxd4 10.
Qxd4 e5 11. Qa4+ Bd7 12. Bb5 a6 13. Bxd7+ Qxd7 14. Qxd7+ Kxd7 15. O-O-O Ke6 16. f3 Rad8 17. Bb6 Rd7 18. h4 Bd8 19.
Bxd8 Rdxd8 20. Nd5 Nxd5 21. Rxd5 g5 22. h5 Rd7 23. b3 Rc8 24. Kb2 Rc5 25. Rgd1 Rxd5 26. Rxd5 Rc7 27. c4 1/2-1/2

[Event "NJSK 2023 Jeugd C"]
[Site "Almelo, Netherlands"]
[Date "2023.05.05"]
[Round "8.3"]
[White "Roolvink, William"]
[Black "Wink, Luka"]
[Result "0-1"]
[TimeControl "90min/40moves + 30min + 30sec/move"]
[WhiteElo "1852"]
[BlackElo "1849"]

1. e4 c5 2. Nc3 g6 3. d4 cxd4 4. Qxd4 Nf6 5. Nf3 Nc6 6. Qa4 d6 7. e5 dxe5 8. Nxe5 Bg7 9. Bb5 O-O 10.
Nxc6 bxc6 11. Bxc6 Rb8 12. O-O Qc7 13. Bf4 e5 14. Be3 Rxb2 15. Bc5 Rd8 16. Rfd1 Bf5 17. Rxd8+ Qxd8 18. Rd1 Qc7 19.
Qa6 Rxc2 20. Nb5 Qb8 21. Be7 Bd3 22. h3 e4 23. a4 h5 24. Bxf6 Bxf6 25. Bxe4 Qf4 26. Bf3 Be5 27. Rxd3 Qh2+ 28.
Kf1 Qh1# 0-1

[Event "NJSK 2023 Jeugd C"]
[Site "Almelo, Netherlands"]
[Date "2023.05.05"]
[Round "8.4"]
[White "Terlouw, Wouter"]
[Black "Groenewoud, Joel"]
[Result "1/2-1/2"]
[TimeControl "90min/40moves + 30min + 30sec/move"]
[WhiteElo "1923"]
[BlackElo "1990"]

1. d4 Nf6 2. Bg5 g6 3. Bxf6 exf6 4.
e3 Bg7 5. g3 O-O 6. Bg2 d6 7. Ne2 f5 8. O-O Nd7 9. c4 Nf6 10. Nbc3 Re8 11. Qd3 c6 12. b4 d5 13. cxd5 cxd5 14.
Nf4 Be6 15. Rfc1 Rc8 16. Nb5 Qb6 17. Nc3 Red8 18. Na4 Qd6 19. Nc5 Qe7 20. Qb3 Ne4 21. Rc2 b6 22. Nfxe6 fxe6 23. Nxe4 fxe4 24.
Rac1 Rxc2 25. Rxc2 Kf8 26. Rc6 e5 27. dxe5 Bxe5 28. a3 Qd7 29. Qc2 Rb8 30. b5 Kf7 31. a4 Kg7 32. Qc1 Kf7 33.
Qc2 Kg7 34. Qc1 Kf7 35. Qc2 1/2-1/2

[Event "NJSK 2023 Jeugd C"]
[Site "Almelo, Netherlands"]
[Date "2023.05.05"]
[Round "8.5"]
[White "Van Batenburg, Mees"]
[Black "Ambrona Navarro, Himar"]
[Result "1-0"]
[TimeControl "90min/40moves + 30min + 30sec/move"]
[WhiteElo "2054"]
[BlackElo "1834"]

1. d4 Nf6 2. Nc3 d5 3. Bf4 e6 4. Nb5 Bb4+ 5. c3 Ba5 6. a4 a6 7. Na3 O-O 8. e3 Nbd7 9. Nf3 Re8 10.
Ne5 c6 11. Bd3 Bc7 12. Qf3 Nxe5 13. dxe5 Nd7 14. Qg3 Nf8 15. h4 Kh8 16. Nb1 c5 17. Nd2 d4 18. exd4 cxd4 19. c4 b6 20.
Bg5 f6 21. Qf3 Bb7 22. Qxb7 fxg5 23. hxg5 Kg8 24. f4 g6 25. Qf3 Qe7 26. Be4 Rab8 27. Bc6 Red8 28. Qb3 Qf7 29. Rh4 Rdc8 30.
Bf3 Bd8 31. Ne4 Be7 32. Rg4 a5 33. Kf2 Bc5 34. Qd3 Be7 35. Kg3 Rd8 36. Rh1 Qf5 37. Nf6+ Bxf6 38. Be4 Qxg4+ 39. Kxg4 Bg7 40. Bc6 Rbc8 41. Bb5 Nd7 42.
Bxd7 Rxd7 43. b3 Bf8 44. Rd1 Bc5 45. Qe4 Rf7 46. Rd3 Kh8 47. Rf3 Kg7 48. Kh3 Rcf8 49. g3 Rc7 50. Rd3 Rd8 51. g4 Rf8 52. Kg3 Kg8 53. Rf3 Rcf7 54. Qc6 Re7 55.
b4 axb4 56. a5 Rb8 57. axb6 Bxb6 58. Qd6 Rbb7 59. c5 Ba5 60. c6 Rbc7 61. Qc5 Ra7 62. Qxd4 Ra6 63. Qd6 Kf7 64. f5 exf5 65.
gxf5 gxf5 66. Qf6+ Ke8 67. Qh8+ Kf7 68. Rxf5+ 1-0

[Event "NJSK 2023 Jeugd C"]
[Site "Almelo, Netherlands"]
[Date "2023.05.05"]
[Round "8.6"]
[White "Aravindhan, Achyuth"]
[Black "Zhu, Chenwu"]
[Result "0-1"]
[TimeControl "90min/40moves + 30min + 30sec/move"]
[WhiteElo "1833"]
[BlackElo "2052"]

1. e4 c5 2. Nf3 d6 3. d4 cxd4 4. Nxd4 Nf6 5. Nc3 g6 6. Be3 Bg7 7. f3 O-O 8. Qd2 Nc6 9. O-O-O d5 10.
Nxc6 bxc6 11. Bc4 Qc7 12. exd5 cxd5 13. Bxd5 Nxd5 14. Nxd5 Qb7 15. Qb4 Qxb4 16. Nxb4 Rb8 17. Nd3 Bf5 18.
c3 Rfc8 19. g4 Be6 20. Kc2 Bxa2 21. Nc1 Be6 22. Bxa7 Rb7 23. Bd4 Bh6 24. Kb1 f6 25. Rhf1 Bc4 26. Rfe1 e5 27. Bf2 Kf7 28.
h4 Be6 29. Na2 Bf8 30. Re2 Bb3 31. Rdd2 Be7 32. Re1 Rb5 33. Bg3 Be6 34. Bh2 Ra8 35. Nc1 Rc8 36. Na2 Bd5 37. Re3 Rd8 38.
Red3 e4 39. c4 exd3 40. cxb5 Bxf3 41. Nc3 Bc5 42. Bf4 Bxg4 43. Na2 Bf5 44. b4 Bb6 45. Kb2 Rc8 46. Nc1 Bd4+ 47. Kb3 Rxc1 48. Ra2 Be6+ 0-1

[Event "NJSK 2023 Jeugd C"]
[Site "Almelo, Netherlands"]
[Date "2023.05.05"]
[Round "8.7"]
[White "Zecha, Oscar"]
[Black "Katpatal, Akshaj"]
[Result "1/2-1/2"]
[TimeControl "90min/40moves + 30min + 30sec/move"]
[WhiteElo "1879"]
[BlackElo "1840"]

1. e4 e5 2. Nf3 Nf6 3. Nxe5 d6 4. Nf3 Nxe4 5. Nc3 Nxc3 6. dxc3 Be7 7. Be3 Nc6 8. Qd2 Be6 9. Nd4 Nxd4 10. cxd4 d5 11. Bd3 Qd7 12. O-O O-O 13.
Rac1 Rad8 14. c4 dxc4 15.
Bxc4 c6 16. Rfe1 Bxc4 17. Rxc4 c5 18. Rd1 Qd5 19. Ra4 a6 20. Ra5 b6 21. Rxa6 Qb7 22. Qe2 b5 23. Ra5 c4 24. a4 Rd5 25.
Rc1 Rc8 26. Qg4 f5 27. Qf3 Bd8 28. Ra7 Qc6 29. b3 Bf6 30. Ra6 Qd7 31. axb5 Qxb5 32. Rb6 Qd7 33. bxc4 Bxd4 34. Bxd4 Rxd4 35. Qb3 Rd3 36. Qc2 Rd2 37.
Qb1 Qd4 38. Rf1 Qxc4 39. Rb8 Rc2 40. Rxc8+ Qxc8 41. Qb3+ Qc4 42. Qb8+ Qc8 43. Qf4 Rc4 44. Qf3 Rc3 45. Qd5+ Kh8 46.
Qd2 Rc2 47. Qf4 Rc4 48. Qd2 h6 1/2-1/2

[Event "NJSK 2023 Jeugd C"]
[Site "Almelo, Netherlands"]
[Date "2023.05.05"]
[Round "8.8"]
[White "Kazarjan, Gachatur"]
[Black "Roorda, Cas"]
[Result "1/2-1/2"]
[TimeControl "90min/40moves + 30min + 30sec/move"]
[WhiteElo "1872"]
[BlackElo "1769"]

1. b4 e6 2. Bb2 Nf6 3. b5 d5 4. e3 c5 5. Nf3 Bd6 6. c4 O-O 7. d4 Nbd7 8. Be2 dxc4 9. Bxc4 Qc7 10.
Nbd2 a6 11. a4 axb5 12. axb5 Rxa1 13. Bxa1 b6 14. O-O Bb7 15. h3 Ne4 16. Qb3 Ndf6 17. Nxe4 Bxe4 18. Nd2 Bb7 19. Bd3 e5 20.
Nc4 exd4 21. exd4 Bd5 22. Qc2 Bxc4 23. Qxc4 Re8 24. Qa4 cxd4 25. Bxd4 Nd5 26. Qb3 Nf4 27. Rd1 1/2-1/2

[Event "NJSK 2023 Jeugd C"]
[Site "Almelo, Netherlands"]
[Date "2023.05.05"]
[Round "8.9"]
[White "Lopes, Samuel"]
[Black "Wortman, Rawi"]
[Result "1/2-1/2"]
[TimeControl "90min/40moves + 30min + 30sec/move"]
[WhiteElo "1865"]
[BlackElo "1668"]

1. e4 c5 2. Nf3 d6 3. Bb5+ Bd7 4. c4 Nc6 5. Nc3 Nf6 6. O-O g6 7. h3 Bg7 8. Rb1 a6 9. Bxc6 Bxc6 10. d3 O-O 11. a4 Qd7 12.
Re1 b6 13. Bd2 Rfb8 14. Qc2 Ne8 15. b3 Nc7 16. Re2 b5 17. axb5 axb5 18. cxb5 Nxb5 19. Nxb5 Bxb5 20. Bc3 1/2-1/2

[Event "NJSK 2023 Jeugd C"]
[Site "Almelo, Netherlands"]
[Date "2023.05.05"]
[Round "8.10"]
[White "Fallaux, Storm"]
[Black "Thijssen, Freek"]
[Result "1/2-1/2"]
[TimeControl "90min/40moves + 30min + 30sec/move"]
[WhiteElo "1650"]
[BlackElo "1644"]

1. e4 e5 2. Nf3 Nc6 3. Bc4 Bc5 4.
c3 Nf6 5. d3 O-O 6. O-O d6 7. h3 h6 8. Re1 Re8 9. Nbd2 Be6 10. Bxe6 fxe6 11. Nf1 Bb6 12. a4 a5 13. Be3 Bxe3 14.
Nxe3 d5 15. Nf1 Qd6 16. Ng3 Rad8 17. d4 dxe4 18. dxe5 Qxd1 19. Raxd1 exf3 20. exf6 gxf6 21. Rxd8 Rxd8 22. gxf3 Kf7 23.
Kg2 Ne5 24. Ne4 Rg8+ 25. Ng3 Rd8 1/2-1/2

[Event "NJSK 2023 Jeugd C"]
[Site "Almelo, Netherlands"]
[Date "2023.05.05"]
[Round "8.11"]
[White "Chua, Ethan"]
[Black "Vijver, Jonathan"]
[Result "0-1"]
[TimeControl "90min/40moves + 30min + 30sec/move"]
[WhiteElo "1776"]
[BlackElo "1781"]

1. e4 c5 2. Nf3 d6 3. d4 cxd4 4. Nxd4 Nf6 5. Nc3 a6 6. Be3 e6 7. f3 b5 8. g4 Bb7 9. g5 Nfd7 10.
Qd2 Ne5 11. a3 Nbd7 12. f4 Nc4 13. Bxc4 bxc4 14. f5 e5 15. Nde2 Rc8 16. Ng3 Nc5 17. Rf1 Qa5 18. f6 g6 19.
h4 Ne6 20. h5 Nc7 21. Qf2 Na8 22. O-O-O d5 23. exd5 Bxa3 24. Nge4 Bb4 25. Kb1 Kd7 26. Rh1 Rb8 27. Ba7 Bxc3 28.
Nxc3 Nc7 29. Bxb8 Rxb8 30. Qd2 Ba8 31. Ne4 Qb6 32. Qc3 Nb5 33. Qxe5 Re8 34. Qg3 Rxe4 35. Qg1 Nc3+ 36. Kc1 Ne2+ 0-1

[Event "NJSK 2023 Jeugd C"]
[Site "Almelo, Netherlands"]
[Date "2023.05.05"]
[Round "8.12"]
[White "Frederiks, Jesse"]
[Black "Klein Tuente, Sam"]
[Result "0-1"]
[TimeControl "90min/40moves + 30min + 30sec/move"]
[WhiteElo "1510"]
[BlackElo "1478"]

1. d4 d5 2. c4 c6 3. Nc3 Nf6 4.
cxd5 cxd5 5. Nf3 Nc6 6. Bf4 Qb6 7. e3 Qxb2 8. Nb5 e5 9. Be2 Bb4+ 10. Kf1 exf4 11. Nc7+ Ke7 12. Nxa8 Ba5 13.
Rb1 Qxa2 14. Ra1 Qb2 15. Ne5 Qb4 16. Nxc6+ bxc6 17. Ra4 Qc3 18. Qa1 Qxa1+ 19. Rxa1 Bf5 20. Rxa5 Rxa8 21. Bf3 Bd3+ 22. Ke1 Bb5 23. Kd2 fxe3+ 24. fxe3 Kd7 25. Rc1 a6 26. Ke1 Re8 27. Kd2 Kc7 28.
g3 Kb6 29. Raa1 Re7 30. Rcb1 Ne8 31. Be2 Nd6 32. Bd3 Re6 33. Bxb5 cxb5 34. Kd3 Nc4 35. Re1 Nd6 36. Rf1 a5 37. Rf2 b4 38. g4 Nc4 39.
Re1 Nd6 40. h4 Kb5 41. Kc2 a4 42. Kb1 b3 43. Rc1 Nc4 44. Rxf7 a3 45. Rb7+ Rb6 46. Rxb6+ Kxb6 47. Rh1 Kb5 48.
Rd1 Kb4 49. Rd3 Nb2 50. Rd2 Na4 51. Rd3 Nc3+ 52. Kc1 b2+ 53. Kc2 b1=Q+ 0-1

[Event "NJSK 2023 Jeugd C"]
[Site "Almelo, Netherlands"]
[Date "2023.05.05"]
[Round "8.13"]
[White "Etienne, Ghilon"]
[Black "Verwer, Oscar"]
[Result "1-0"]
[TimeControl "90min/40moves + 30min + 30sec/move"]
[WhiteElo "1673"]
[BlackElo "1549"]

1. d4 Nf6 2. c4 g6 3. Nf3 Bg7 4. g3 d5 5. Bg2 c5 6. O-O cxd4 7. cxd5 O-O 8. Nxd4 Nxd5 9. a3 Nc7 10.
Nc2 Nc6 11. Nc3 Be6 12. Ne3 Rc8 13. Re1 Qxd1 14. Rxd1 Bb3 15. Rd2 Rfd8 16. Ned5 Nxd5 17. Nxd5 Bh6 18. e3 e6 19. Nf6+ Kg7 20.
Ne4 Ne5 21. Nd6 Rc2 22. Nf5+ exf5 23. Rxd8 Ng4 24. Rd2 Nxe3 25. Rxc2 Nxc2 26. Bxh6+ Kxh6 27. Rc1 b6 28. Bd5 Nd4 29.
Bc4 Nf3+ 30. Kg2 Ne1+ 31. Rxe1 Bxc4 32. Re7 a5 33. b4 axb4 34. axb4 b5 35. Kf3 g5 36. Ke3 Kg6 37. Rc7 Ba2 38.
Kd4 Kf6 39. Rc5 Bc4 40. Rxc4 bxc4 41. Kxc4 Ke7 42. f4 f6 43. Kd5 1-0

[Event "NJSK 2023 Jeugd C"]
[Site "Almelo, Netherlands"]
[Date "2023.05.05"]
[Round "8.14"]
[White "Ten Kate, Gustav"]
[Black "Zootjes, Aäron"]
[Result "1/2-1/2"]
[TimeControl "90min/40moves + 30min + 30sec/move"]
[WhiteElo "1815"]
[BlackElo "1172"]

1. e4 c5 2. Nc3 Nc6 3. g3 Nf6 4. Bg2 e6 5. d3 d5 6. f4 d4 7. Nce2 e5 8. h3 h5 9. Nf3 Bd6 10.
fxe5 Nxe5 11. Bf4 Qc7 12. Qd2 O-O 13. Bxe5 Bxe5 14. Qg5 Re8 15. O-O-O b5 16. g4 Nh7 17. Qxh5 g6 18. Qh4 a5 19.
Nxe5 Qxe5 20. Qg3 Qxg3 21. Nxg3 Ng5 22. h4 Bxg4 23.
hxg5 Bxd1 24. Kxd1 Re5 25. Ne2 Rxg5 26. Nf4 Rg4 27. e5 Rb8 28. Nd5 Rxg2 29. Nf6+ Kg7 30. Rh7+ Kf8 31. Rh8+ Ke7 32.
Rxb8 Ke6 33. Rxb5 Kxe5 34. Ne4 Kf4 35.
c4 dxc3 36. Nxc3 Ke3 37. Rxc5 Kxd3 38. Rd5+ Kc4 39. Rd7 1/2-1/2

[Event "NJSK 2023 Jeugd C"]
[Site "Almelo, Netherlands"]
[Date "2023.05.05"]
[Round "8.15"]
[White "Rooijakkers, Liam"]
[Black "De Wit, Evan"]
[Result "1-0"]
[TimeControl "90min/40moves + 30min + 30sec/move"]
[WhiteElo "1322"]
[BlackElo "1563"]

1. e4 c5 2. Nc3 e6 3. g3 d5 4. Bg2 d4 5.
Nce2 e5 6. Nf3 Nc6 7. d3 Bd6 8. Bd2 Nf6 9. c4 a5 10. a3 O-O 11. Qc1 Re8 12. Nh4 a4 13. O-O Na5 14. Bxa5 Rxa5 15.
h3 b5 16. cxb5 Rxb5 17. Qc2 Be6 18. Nc1 Qa5 19. Nf5 Bxf5 20. exf5 Reb8 21. Rb1 Rc8 22. Qc4 Rcb8 23. Qc2 Qa6 24.
Re1 Rc8 25. Qc4 Rb6 26. Qxa6 Rxa6 27. Bb7 Rb6 28. Bxc8 Kf8 29. b4 cxb4 30. axb4 Nd5 31. Na2 Ke7 32. Rec1 Kd8 33. f6 Nxf6 34.
Bf5 g6 35. Be4 Nd7 36. Rc6 f5 37. Rxb6 Nxb6 38. Bg2 Ke7 39. Re1 a3 40. Bc6 Kf6 41. Rc1 Kg5 42. f3 e4 43. fxe4 Bxg3 44.
exf5 Kxf5 45. Kg2 Bh4 46. Kf3 h5 47. Be4+ Kg5 48. Rc5+ Kh6 49. Rc6 Na4 50. Rxg6+ Kh7 51. Ra6+ Kg7 52. Rxa4 Kf6 53. b5 Ke7 54. Rxa3 Kd6 55. Ra4 Kc5 56. Rc4+ Kxb5 57. Rxd4 Bf6 58. Rd5+ Ka4 59. Rxh5 Kb3 60.
Bd5+ Kc2 61. Ke2 Be7 62. Rh7 Bf8 63. Rc7+ Kb1 64. h4 Bh6 65. h5 Bf8 66. Rc6 Bg7 67. h6 Bf8 68. Rg6 1-0

[Event "NJSK 2023 Jeugd C"]
[Site "Almelo, Netherlands"]
[Date "2023.05.06"]
[Round "9.1"]
[White "Zhu, Chenwu"]
[Black "Arnold, Rhys"]
[Result "1/2-1/2"]
[TimeControl "90min/40moves + 30min + 30sec/move"]
[WhiteElo "2052"]
[BlackElo "2003"]

1. e4 c5 2. Nf3 Nc6 3. d4 cxd4 4. Nxd4 Nf6 5. Nc3 e5 6.
Ndb5 d6 7. Bg5 a6 8. Na3 b5 9. Nd5 Be7 10. Bxf6 Bxf6 11. c3 O-O 12. Nc2 Rb8 13. a4 bxa4 14. Nce3 Rxb2 15. Qxa4 Ne7 16.
Bxa6 Nxd5 17. Nxd5 Be6 18. Bc4 Bxd5 19. Bxd5 Qb6 20. O-O Bg5 21. Qd7 Qd8 22. Qg4 Qf6 23. g3 Bd2 24. Ra7 g6 25.
Rc7 h5 26. Qd1 Bh6 27. Kg2 Be3 28. Qf3 Qxf3+ 29. Kxf3 Bc5 30. h4 1/2-1/2

[Event "NJSK 2023 Jeugd C"]
[Site "Almelo, Netherlands"]
[Date "2023.05.06"]
[Round "9.2"]
[White "Wink, Luka"]
[Black "Van Batenburg, Mees"]
[Result "0-1"]
[TimeControl "90min/40moves + 30min + 30sec/move"]
[WhiteElo "1849"]
[BlackElo "2054"]

1. e4 c5 2. Nf3 Nc6 3. d4 cxd4 4. Nxd4 e5 5. Nb5 d6 6. c4 g6 7. N1c3 a6 8. Na3 Be6 9. Nc2 f5 10.
exf5 gxf5 11. Bd3 Nf6 12. Bg5 Bg7 13. Ne3 Nd4 14. Ne2 Nxe2 15. Qxe2 e4 16. Bc2 Qa5+ 17. Qd2 Qxd2+ 18. Kxd2 Rc8 19.
Rad1 b5 20. b3 h6 21. Bf4 Ke7 22. Ke1 Rhd8 23. f3 bxc4 24. bxc4 Rc5 25. Bb3 Nh5 26. Bg3 f4 27. Bh4+ Bf6 28.
Bxf6+ Nxf6 29. Nd5+ Bxd5 30. cxd5 exf3 31. gxf3 Rc3 32. Kf2 Nd7 33. Rd4 Ne5 34. Bd1 Rb8 35. Rd2 Rb1 36. Rf1 Nxf3 37.
Bxf3 Rxf1+ 38. Kxf1 Rxf3+ 39. Kg2 Re3 40. Rf2 Re4 41. Kf3 Rd4 42. Re2+ Kd7 43. Re4 Rxd5 44. Ra4 Rf5 45. Rxa6 Ke6 46.
Ra4 Rh5 47. Rxf4 Rxh2 48. a4 Ra2 49. Rh4 Ke5 50. Rh5+ Kd4 51. Rxh6 d5 52. Rh8 Kd3 53. Ra8 d4 54. a5 Kd2 55.
a6 d3 56. a7 Ra6 57. Kf2 Rf6 58. Kg2 Rf7 59. Kg3 Rd7 60. Kf2 Kd1 61. Kf1 d2 62. Kf2 Rf7+ 63. Kg2 Rc7 64. Kf2 Kc2 0-1

[Event "NJSK 2023 Jeugd C"]
[Site "Almelo, Netherlands"]
[Date "2023.05.06"]
[Round "9.3"]
[White "Zecha, Oscar"]
[Black "Madularea, David"]
[Result "1/2-1/2"]
[TimeControl "90min/40moves + 30min + 30sec/move"]
[WhiteElo "1879"]
[BlackElo "1895"]

1. d4 Nf6 2. c4 g6 3. g3 c5 4. d5 b5 5. cxb5 a6 6. bxa6 d6 7. Nc3 Bg7 8. e4 O-O 9. Nf3 Qb6 10.
Be2 Bxa6 11. O-O Nbd7 12. Nd2 Rfb8 13. a4 Qb4 14. Bxa6 Rxa6 15. Qe2 Ra7 16. Ra3 Rab7 17. a5 Ra7 18.
Nc4 Ne8 19. f4 Nc7 20. e5 dxe5 21. fxe5 Bxe5 22. Ra4 Bd4+ 23. Kh1 Qb3 24. Ra3 Qb4 25. Ra4 Qb3 26. Ra3 Qb4 27. Ra4 Qb3 1/2-1/2

[Event "NJSK 2023 Jeugd C"]
[Site "Almelo, Netherlands"]
[Date "2023.05.06"]
[Round "9.4"]
[White "Groenewoud, Joel"]
[Black "Kurt, Sascha"]
[Result "1/2-1/2"]
[TimeControl "90min/40moves + 30min + 30sec/move"]
[WhiteElo "1990"]
[BlackElo "1894"]

1. e4 c5 2. Nf3 e6 3. d4 cxd4 4. Nxd4 Nf6 5. Nc3 d6 6. Be3 Be7 7. f3 Nc6 8. Qd2 O-O 9. g4 d5 10.
g5 Nh5 11. O-O-O dxe4 12. Nxc6 Qxd2+ 13. Rxd2 bxc6 14. Nxe4 e5 15. Bc5 Bxc5 16. Nxc5 Nf4 17. Bc4 Nh3 18. g6 hxg6 19. Rd6 Bf5 20.
Rxc6 Rac8 21. Rxc8 Rxc8 22. b4 Ng5 23. Bd5 Kf8 24. Kb2 Nh3 25. c4 Nf4 26. Be4 Bxe4 27. fxe4 Rd8 28. Kc2 Rd4 29.
Kb3 Ke7 30. b5 Ne6 31. Nxe6 Kxe6 32. Re1 f5 33. exf5+ gxf5 34. a4 f4 35. c5 e4 36. b6 axb6 37. cxb6 Kd7 38. a5 Kc8 39. a6 Kb8 40. Kc3 Ra4 41. a7+ Kb7 42. Kb3 Rd4 43.
Kc3 Ra4 44. Kb3 Ra6 45. Rxe4 Rxb6+ 46. Kc3 g5 47. Re7+ Ka8 48. Rg7 Rb5 49. Kd3 Rf5 50. Ke2 Ra5 51. Kf3 Rf5 52. h4 gxh4 53.
Rh7 h3 54. Rxh3 Kxa7 55. Rh4 Kb6 56. Rxf4 Rxf4+ 57. Kxf4 1/2-1/2

[Event "NJSK 2023 Jeugd C"]
[Site "Almelo, Netherlands"]
[Date "2023.05.06"]
[Round "9.5"]
[White "Katpatal, Akshaj"]
[Black "Terlouw, Wouter"]
[Result "1/2-1/2"]
[TimeControl "90min/40moves + 30min + 30sec/move"]
[WhiteElo "1840"]
[BlackElo "1923"]

1. e4 c5 2. Nf3 Nc6 3. d4 cxd4 4. Nxd4 Nf6 5. Nc3 e5 6. Nb3 Bb4 7. Bd3 d5 8. exd5 Nxd5 9. Bd2 Nxc3 10.
bxc3 Be7 11. O-O Be6 12. Be3 f5 13. Nc5 Bxc5 14. Bxc5 Qa5 15. Bb4 Nxb4 16. cxb4 Qxb4 17. Rb1 Qe7 18.
Bb5+ Kf7 19. Qe2 Bxa2 20. Rb2 Bd5 21. Rd1 Rad8 22. Rxd5 Rxd5 23. Bc4 Rhd8 24. Rb5 Qe6 25. Bxd5 Rxd5 26. Rxb7+ Rd7 27. Rxd7+ Qxd7 28. h3 e4 29.
Qc4+ Kg6 30. Qa6+ Kf7 31. Qc4+ Kf8 32. Qc5+ Ke8 33. Qe5+ Kf7 34. Qc5 Qd1+ 35. Kh2 Ke6 36. g3 Qd2 37.
Kg1 Qd1+ 38. Kh2 Qd2 39. Qxa7 Qxc2 40. Kg2 Qc3 41. Qb6+ Kf7 42. Qb7+ Kg6 43. Qd5 h5 44. Qe6+ Qf6 45.
Qe8+ Qf7 46. Qc6+ Kh7 47. Qd6 h4 48. gxh4 Qg6+ 49. Qg3 Kh6 50. Kh2 Qxg3+ 51. Kxg3 g6 52. Kf4 Kh5 53. Kg3 Kh6 54. Kf4 Kh5 55. Kg3 Kh6 56. Kf4 Kh5 1/2-1/2

[Event "NJSK 2023 Jeugd C"]
[Site "Almelo, Netherlands"]
[Date "2023.05.06"]
[Round "9.6"]
[White "Krylov, Philippe"]
[Black "Roolvink, William"]
[Result "1-0"]
[TimeControl "90min/40moves + 30min + 30sec/move"]
[WhiteElo "1858"]
[BlackElo "1852"]

1. d4 Nf6 2. c4 g6 3. Nc3 d6 4. e4 Bg7 5. f3 O-O 6. Bg5 c5 7. d5 e6 8. Qd2 h6 9. Be3 a6 10.
a4 exd5 11. cxd5 h5 12. Nge2 Nbd7 13. Nc1 Ne5 14. Be2 Re8 15. O-O h4 16. h3 Nh5 17. f4 Ng3 18. fxe5 Nxf1 19. Bxf1 Bxe5 20.
Nd3 Bg7 21. Nf2 f5 22. Bd3 Rf8 23. Bh6 Bd7 24. Bxg7 Kxg7 25. exf5 gxf5 26. Ne2 Rg8 27. Nf4 Kh8 28. Qc3+ Kh7 29.
Ng4 Qg5 30. Nf6+ Kh6 31. Nxg8+ Rxg8 32. Qd2 Kh7 33. Qf2 Qf6 34. Re1 Bxa4 35. Re6 Qg5 36. Bxf5+ Qxf5 37. Qxh4+ Kg7 38. Re7+ Kf8 39. Ne6+ Qxe6 40. dxe6 Bc6 41.
Qf6# 1-0

[Event "NJSK 2023 Jeugd C"]
[Site "Almelo, Netherlands"]
[Date "2023.05.06"]
[Round "9.7"]
[White "Wortman, Rawi"]
[Black "Kazarjan, Gachatur"]
[Result "0-1"]
[TimeControl "90min/40moves + 30min + 30sec/move"]
[WhiteElo "1668"]
[BlackElo "1872"]

1. e4 d5 2. exd5 Nf6 3. d4 Bg4 4.
f3 Bf5 5. Bb5+ Nbd7 6. c4 a6 7. Ba4 b5 8. cxb5 Nxd5 9. Nc3 Nb4 10. Ne4 e6 11. a3 Bxe4 12. axb4 Bxb4+ 13. Bd2 Bxd2+ 14. Qxd2 axb5 15. fxe4 Qh4+ 16. Kd1 Qxe4 17. Nf3 O-O 18. Re1 Qd5 19. Qc2 c5 20. Bb3 Rxa1+ 21. Kd2 Qa8 22. Rxa1 Qxa1 23.
dxc5 Qf1 24. c6 Nb6 0-1

[Event "NJSK 2023 Jeugd C"]
[Site "Almelo, Netherlands"]
[Date "2023.05.06"]
[Round "9.8"]
[White "Roorda, Cas"]
[Black "Lopes, Samuel"]
[Result "0-1"]
[TimeControl "90min/40moves + 30min + 30sec/move"]
[WhiteElo "1769"]
[BlackElo "1865"]

1. e4 c5 2. Nf3 d6 3. d4 cxd4 4.
Nxd4 Nf6 5. Nc3 Nc6 6. Bg5 e6 7. Qd3 Be7 8. O-O-O O-O 9. h4 Bd7 10. Kb1 a6 11. Qg3 Kh8 12.
Be2 Nxd4 13. Rxd4 Rc8 14. Rhd1 Rc7 15. f4 Qc8 16. e5 dxe5 17. fxe5 Ng8 18. Rg4 f5 19. Rf4 b5 20. Bd3 Qb7 21.
Bxe7 Nxe7 22. Qg5 Ng6 23. Rd4 Nxe5 24. Qe7 Ng6 25. Qb4 Qc8 26. g4 Ne5 27. Rf4 Nxg4 28. Rdf1 Ne3 29. R1f3 Ng2 30.
Rg4 Ne1 31. Rxg7 Kxg7 32. Qe7+ Kh8 33. Rg3 Bc6 34. Qd6 Nxd3 35. cxd3 Rcf7 0-1

[Event "NJSK 2023 Jeugd C"]
[Site "Almelo, Netherlands"]
[Date "2023.05.06"]
[Round "9.9"]
[White "Ambrona Navarro, Himar"]
[Black "Fallaux, Storm"]
[Result "1-0"]
[TimeControl "90min/40moves + 30min + 30sec/move"]
[WhiteElo "1834"]
[BlackElo "1650"]

1. d4 Nf6 2. Bg5 d5 3. Nd2 c5 4. e3 cxd4 5. exd4 Qb6 6. Nb3 Bf5 7. Nf3 Nc6 8. c3 e6 9. Bd3 Bxd3 10.
Qxd3 Ne4 11. Bf4 Bd6 12. Bxd6 Nxd6 13. O-O O-O 14. Nc5 Qc7 15. Ng5 g6 16. Qh3 h5 17. g4 Qe7 18. f4 b6 19.
Nd3 f6 20. Nf3 hxg4 21. Qxg4 Kf7 22. Rae1 Nf5 23. Re2 Rae8 24. b4 Nd8 25. Rg2 Rg8 26. Qh3 Rh8 27. Qg4 Ne3 28. Nde5+ fxe5 29.
Nxe5+ Kg7 30. Qxg6+ Kf8 31. f5 Nxf1 32. fxe6 Qc7 33. Qf6+ Nf7 34. Ng6+ Kg8 35. Ne7+ Kh7 36. Qg7# 1-0

[Event "NJSK 2023 Jeugd C"]
[Site "Almelo, Netherlands"]
[Date "2023.05.06"]
[Round "9.10"]
[White "Thijssen, Freek"]
[Black "Aravindhan, Achyuth"]
[Result "0-1"]
[TimeControl "90min/40moves + 30min + 30sec/move"]
[WhiteElo "1644"]
[BlackElo "1833"]

1. e4 c5 2. Nf3 Nc6 3. d4 cxd4 4. Nxd4 Nf6 5. Nc3 e5 6. Ndb5 d6 7. Bg5 a6 8. Na3 b5 9. Nd5 Be7 10.
Bxf6 Bxf6 11. c3 Ne7 12. Nxf6+ gxf6 13. Qd2 d5 14. exd5 Nxd5 15. Bd3 f5 16. O-O-O Bb7 17. Bxf5 Qf6 18.
Be4 O-O-O 19. Kb1 Kb8 20. Qc2 Qf4 21. Bxd5 Bxd5 22. f3 Rhg8 23. Rd3 Rg6 24. Rhd1 Rgd6 25. c4 Be4 26. Rxd6 Bxc2+ 27. Nxc2 Rxd6 28. Rxd6 Qxc4 29. Ne3 Qe2 30. Ng4 Qf1+ 31. Kc2 Qxg2+ 32. Rd2 Qxf3 33. Nxe5 Qe4+ 34. Nd3 f5 35. Rf2 f4 36.
Rxf4 Qe2+ 37. Kc3 Qxh2 38. Rf8+ Kc7 39. Rf7+ Kd8 40. Ra7 h5 41. Rxa6 h4 42. Rh6 Qg3 43. Rh5 h3 44. Rxb5 h2 45.
Rh5 Qg2 46. Rh8+ Ke7 47. Rh7+ Kf8 48. Rh8+ Kg7 49. Rh5 h1=Q 50. Rxh1 Qxh1 51. a4 Qc6+ 52. Kb3 Kf6 53. Nb4 Qb6 54.
Ka3 Ke6 55. Kb3 Kd6 56. Ka3 Kc5 57. Nc2 Kc4 58. Ka2 Qb3+ 59. Kb1 Qxa4 60. Na3+ Kb3 61. Ka1 Qe4 62. Nb1 Qa8+ 63. Na3 Qa6 64.
Kb1 Qf1# 0-1

[Event "NJSK 2023 Jeugd C"]
[Site "Almelo, Netherlands"]
[Date "2023.05.06"]
[Round "9.11"]
[White "Vijver, Jonathan"]
[Black "Klein Tuente, Sam"]
[Result "1/2-1/2"]
[TimeControl "90min/40moves + 30min + 30sec/move"]
[WhiteElo "1781"]
[BlackElo "1478"]

1. e4 c5 2. d4 cxd4 3. c3 dxc3 4. Nxc3 e6 5. Nf3 Bb4 6. Qd4 Nc6 7. Qxg7 Qf6 8. Bh6 Be7 9. Qxf6 Bxf6 10.
Bf4 Bxc3+ 11. bxc3 Nf6 12. Bd3 d5 13. e5 Nd7 14. O-O Nc5 15. Bc2 b6 16. Nd4 Nxd4 17. cxd4 Nd7 18. Ba4 Ba6 19.
Rfc1 Bc4 20. Bb3 b5 21. Bd2 1/2-1/2

[Event "NJSK 2023 Jeugd C"]
[Site "Almelo, Netherlands"]
[Date "2023.05.06"]
[Round "9.12"]
[White "Etienne, Ghilon"]
[Black "Rooijakkers, Liam"]
[Result "1/2-1/2"]
[TimeControl "90min/40moves + 30min + 30sec/move"]
[WhiteElo "1673"]
[BlackElo "1322"]

1. d4 d6 2. Nf3 Nf6 3. g3 Nbd7 4. Bg2 h6 5. O-O e5 6. e3 c6 7. c4 Qc7 8. Nc3 Be7 9. Qc2 Nf8 10.
b3 Ng6 11. Bb2 Bd7 12. Rac1 Qc8 13. d5 c5 14. a3 b6 15. Nd2 Bh3 16. b4 Bxg2 17. Kxg2 O-O 18. Na4 Qg4 19. f3 Qd7 20.
Qb3 Rab8 21. Nc3 Qb7 22. a4 a6 23. Ra1 Bd8 24. Rfb1 Nd7 25. Bc1 Qa7 26. Qc2 f5 27. Ba3 Bc7 28.
bxc5 bxc5 29. Rb3 Ba5 30. Rab1 Rxb3 31. Rxb3 Rb8 32. Bc1 Rxb3 33. Qxb3 Bxc3 34. Qxc3 Qb6 35. a5 Qb4 36. Qa3 1/2-1/2